[Event "Titled Tuesday Blitz April 12 Early 2022"]
[White "Delorme, Alban"]
[Black "Aslanov, Umid"]
[WhiteFideId "623636"]
[BlackFideId "13412620"]
[WhiteElo "2197"]
[BlackElo "1796"]
[Result "0-1"]
[Round "05"]
[TimeControl "180+1"]
[Date "2022.04.13"]
[WhiteClock "0:00:02"]
[BlackClock "0:00:18"]

1. e4 c5 2. Nf3 d6 3. d4 cxd4 4. Nxd4 Nf6 5. Nc3 a6 6. Bg5 e6 7. f4 Nbd7 8. Qf3 Qc7 9. O-O-O b5 10. a3 Bb7 11. h4 h6 12. Bxf6 Nxf6 13. g4 d5 14. e5 Nd7 15. g5 Bc5 16. g6 Bxd4 17. gxf7+ Kxf7 18. Rxd4 h5 19. Bh3 g6 20. f5 Nxe5 21. fxe6+ Kg7 22. Qg3 Rac8 23. Re1 Nc6 24. Qxc7+ Rxc7 25. Rxd5 Re8 26. Rg5 Kh7 27. Reg1 Rg7 28. Ne4 Rf8 29. Nd6 Nd4 30. Nxb7 Ne2+ 31. Kd2 Nxg1 32. Rxg1 Rxb7 33. Re1 Re7 34. Kd3 Rf3+ 35. Re3 Rf2 36. Re2 Rxe2 37. Kxe2 g5 38. hxg5 Kg6 39. Kf3 Kxg5 40. Ke4 Kf6 41. Kd5 Rc7 42. c3 h4 43. Kd6 Rg7 44. b3 Rg3 45. e7 Rd3+ 46. Kc5 Kxe7 47. Bf5 Rxc3+ 48. Kb4 Rf3 49. Bc8 h3 50. Bxa6 h2 51. Bb7 Rf4+ 52. Kxb5 Kd6 53. b4 Rf5+ 54. Kb6 Rd5 55. Bxd5 Kxd5 56. a4 h1=Q 57. b5 Qg1+ 58. Kb7 Kc5 59. a5 Qg7+ 60. Ka6 Qd7 61. b6 Kc6 62. b7 Qxb7# 0-1


[Site "https://www.chess.com"]

[Event "Titled Tuesday Blitz April 12 Early 2022"]
[White "Demchenko, Anton"]
[Black "Bintang, Rasyid A. Hidayat"]
[WhiteFideId "4160258"]
[BlackFideId "7105355"]
[WhiteElo "2539"]
[BlackElo "2403"]
[Result "1-0"]
[Round "05"]
[TimeControl "180+1"]
[Date "2022.04.13"]
[WhiteClock "0:01:49"]
[BlackClock "0:01:16"]

1. e4 d5 2. exd5 Nf6 3. d4 Nxd5 4. Nf3 Bg4 5. h3 Bxf3 6. Qxf3 Nc6 7. c3 e6 8. Bb5 a6 9. Bxc6+ bxc6 10. O-O Be7 11. Rd1 O-O 12. Nd2 Rb8 13. Nc4 c5 14. dxc5 Bxc5 15. b3 Qe7 16. Bb2 Rfd8 17. Ne5 Rb6 18. c4 Nf6 19. Nc6 Rxd1+ 20. Rxd1 Qe8 21. Rd8 1-0


[Site "https://www.chess.com"]

[Event "Titled Tuesday Blitz April 12 Early 2022"]
[White "Dwilewicz, Katarzyna"]
[Black "Ljukin, Sergei"]
[WhiteFideId "1148486"]
[BlackFideId "14102200"]
[WhiteElo "1907"]
[BlackElo "2312"]
[Result "0-1"]
[Round "05"]
[TimeControl "180+1"]
[Date "2022.04.13"]
[WhiteClock "0:00:02"]
[BlackClock "0:00:23"]

1. e4 e6 2. d4 d5 3. exd5 exd5 4. Bd3 Nf6 5. Nf3 c5 6. O-O Nc6 7. Re1+ Be7 8. dxc5 O-O 9. Bg5 Bxc5 10. Nc3 Be6 11. h3 a6 12. Qd2 b5 13. Qf4 Be7 14. Rad1 Re8 15. Ne2 h6 16. Bxh6 gxh6 17. Qxh6 Bf8 18. Qg5+ Bg7 19. Nf4 Ne4 20. Bxe4 Qxg5 21. Nxg5 dxe4 22. Nfxe6 fxe6 23. Rxe4 Rad8 24. Rde1 Rd2 25. Rxe6 Rxe6 26. Rxe6 Rxc2 27. Re8+ Bf8 28. Ra8 Nd4 29. b3 Rxa2 30. b4 Rb2 31. Rxa6 Kg7 32. Ra7+ Kg6 33. Ne4 Rxb4 34. Ra6+ Kf5 35. Ng3+ Ke5 36. Ra8 Bd6 37. Kh2 Kd5 38. Rd8 Rb2 39. h4 Ne2 0-1


[Site "https://www.chess.com"]

[Event "Titled Tuesday Blitz April 12 Early 2022"]
[White "Eynullayev, Atilla"]
[Black "Bongo Akanga Ndjila, Barthelemy"]
[WhiteFideId "13413570"]
[BlackFideId "10609431"]
[WhiteElo "1936"]
[BlackElo "1768"]
[Result "1-0"]
[Round "05"]
[TimeControl "180+1"]
[Date "2022.04.13"]
[WhiteClock "0:01:08"]
[BlackClock "0:01:00"]

1. e4 c6 2. d4 d5 3. e5 Bf5 4. Bd3 Bxd3 5. Qxd3 e6 6. Ne2 Qa5+ 7. c3 Qa6 8. Qh3 Ne7 9. Nd2 Nf5 10. g4 Ne7 11. f4 c5 12. Nf3 Nbc6 13. Qg2 cxd4 14. cxd4 Qd3 15. O-O Nc8 16. f5 Be7 17. Nf4 Qa6 18. fxe6 O-O 19. Nxd5 fxe6 20. Nc7 Qb6 21. Nxa8 Qb4 22. Be3 Qa5 23. Ng5 Bxg5 24. Rxf8+ Kxf8 25. Qf2+ Kg8 26. Bxg5 N8e7 27. Rf1 h6 28. Bxe7 Nxe7 29. Qf7+ Kh7 30. Qxe7 Qd5 31. Qf7 Qxd4+ 32. Qf2 Qxe5 33. Qc2+ Kg8 34. h3 Qg3+ 35. Qg2 Qe3+ 36. Kh1 b6 37. Nc7 Qe5 38. Na6 Qb5 39. Nb8 Qe5 40. Nd7 Qd6 41. Rf8+ Kh7 42. Qe4+ g6 43. Rf7+ Kg8 44. Qxg6+ 1-0


[Site "https://www.chess.com"]

[Event "Titled Tuesday Blitz April 12 Early 2022"]
[White "Fernandez Siles, Luis"]
[Black "Sadilek, Peter"]
[WhiteFideId "2209420"]
[BlackFideId "1616439"]
[WhiteElo "2212"]
[BlackElo "2145"]
[Result "1/2-1/2"]
[Round "05"]
[TimeControl "180+1"]
[Date "2022.04.13"]
[WhiteClock "0:00:07"]
[BlackClock "0:00:02"]

1. d4 Nf6 2. c4 g6 3. Nc3 Bg7 4. e4 O-O 5. Nf3 d6 6. Be2 Bg4 7. Be3 Nfd7 8. Ng1 Bxe2 9. Ngxe2 c5 10. d5 Na6 11. O-O Nc7 12. Qd2 Re8 13. Rab1 a6 14. a3 b5 15. cxb5 axb5 16. b4 Rxa3 17. bxc5 Nxc5 18. Bxc5 dxc5 19. Nxb5 Nxb5 20. Rxb5 c4 21. Rc1 Qd7 22. Rb4 e6 23. Rbxc4 exd5 24. exd5 Qb5 25. g3 Ra1 26. Rxa1 Qxc4 27. Re1 Rd8 28. d6 Be5 29. Rd1 Rd7 30. Qc1 Qxc1 31. Rxc1 Rxd6 32. f4 Bf6 33. Kf2 Kg7 34. Ke3 Bd8 35. g4 Bb6+ 36. Ke4 Re6+ 37. Kd3 Re3+ 38. Kd2 Rh3 39. Rc6 Be3+ 40. Kc2 Rxh2 41. Kd3 Rh3 42. f5 Bg5+ 43. Kc4 Re3 44. Nd4 Re4 45. Kd5 Rxg4 46. Rc7 Bf6 47. Ne6+ Kh6 48. Rxf7 Ba1 49. Nf8 Kg5 50. Rxh7 gxf5 51. Ne6+ Kf6 52. Rh6+ Rg6 53. Rxg6+ Kxg6 54. Kc4 Kf6 55. Nc5 Ke5 56. Kd3 f4 57. Ke2 Kd4 58. Ne6+ Ke4 59. Nxf4 1/2-1/2


[Site "https://www.chess.com"]

[Event "Titled Tuesday Blitz April 12 Early 2022"]
[White "Gabdrakhmanov, Azat"]
[Black "Stribuk, Artiom"]
[WhiteFideId "34189197"]
[BlackFideId "13515659"]
[WhiteElo "2279"]
[BlackElo "2259"]
[Result "1/2-1/2"]
[Round "05"]
[TimeControl "180+1"]
[Date "2022.04.12"]
[WhiteClock "0:00:28"]
[BlackClock "0:00:10"]

1. e4 c5 2. Nf3 Nc6 3. d4 cxd4 4. Nxd4 Nf6 5. Nc3 e5 6. Ndb5 d6 7. Bg5 a6 8. Na3 b5 9. Bxf6 gxf6 10. Nd5 Bg7 11. c3 f5 12. exf5 Bxf5 13. Nc2 O-O 14. Nce3 Be6 15. g4 b4 16. Bd3 bxc3 17. bxc3 Qh4 18. Qf3 e4 19. Bxe4 Rae8 20. O-O Ne5 21. Qg3 Qxg3+ 22. hxg3 Nxg4 23. Nxg4 Bxg4 24. Rfe1 Re6 25. Nf4 Bxc3 26. Nxe6 Bxe6 27. Rec1 Bxa1 28. Rxa1 Rb8 29. a4 Rb4 30. Bc6 a5 31. Rd1 d5 32. Bxd5 Bxd5 33. Rxd5 Rxa4 34. Rd8+ Kg7 35. Ra8 Ra2 36. Kg2 a4 37. Ra6 a3 38. Kf3 Ra1 39. Kg2 Kf8 40. Ra7 Kg8 41. Kh2 Kg7 42. Kg2 Kf6 43. Ra6+ Ke5 44. Ra7 Ke6 45. Ra6+ Ke7 46. Ra7+ Kf6 47. Ra6+ Kg7 48. Ra7 h5 49. Ra5 Kg6 50. Kh2 f6 51. Kg2 Kh6 52. Kh2 Ra2 53. Kg2 Kg6 54. Kh3 Ra1 55. Kg2 Ra2 56. Kh3 Kh6 57. Kg2 Kg6 1/2-1/2


[Site "https://www.chess.com"]

[Event "Titled Tuesday Blitz April 12 Early 2022"]
[White "Garv Gaur"]
[Black "Liyanage, Ranindu Dilshan"]
[WhiteFideId "45030839"]
[BlackFideId "9915834"]
[WhiteElo "1950"]
[BlackElo "1858"]
[Result "1-0"]
[Round "05"]
[TimeControl "180+1"]
[Date "2022.04.13"]
[WhiteClock "0:00:10"]
[BlackClock "0:00:09"]

1. d4 Nf6 2. Nf3 e6 3. c4 d5 4. g3 dxc4 5. Bg2 Bb4+ 6. Bd2 a5 7. Qc2 Nc6 8. Qxc4 Qd5 9. Qxd5 exd5 10. O-O O-O 11. Bf4 Bg4 12. Nc3 Bxf3 13. Bxf3 Nxd4 14. Bxc7 Rfe8 15. Kg2 Rac8 16. Bb6 Bxc3 17. bxc3 Nxe2 18. Bxa5 Nxc3 19. Bb6 Ra8 20. a3 Ra4 21. Rfc1 Nb5 22. Rc5 Nxa3 23. Bxd5 Nxd5 24. Rxd5 Ra6 25. Re1 Rc8 26. Rc1 Rca8 27. Rcd1 h6 28. Rd8+ Rxd8 29. Rxd8+ Kh7 30. Bc5 Kg6 31. Rb8 Nc4 32. Rxb7 Rc6 33. Bd4 f6 34. Rb5 Rd6 35. Bc3 Rd3 36. Bb4 Rb3 37. Rb8 Rb2 38. Bd6 Rd2 39. Bf4 Rc2 40. Rb7 f5 41. Rc7 Kf6 42. h4 g5 43. hxg5+ hxg5 44. Rc6+ Kf7 45. Rc7+ Kg6 46. Bd6 g4 47. Bf4 Kf6 48. Rc6+ Ke7 49. Rc7+ Ke6 50. Rc6+ Kd5 51. Rf6 Ke4 52. Re6+ Kd3 53. Rf6 Ke4 54. Re6+ Kd5 55. Rf6 Kd4 56. Rxf5 Nb2 57. Rg5 Nd3 58. Be3+ Ke4 59. Rxg4+ Kf5 60. Rd4 Ne1+ 61. Kh3 Nf3 62. Rf4+ Kg5 63. Rxf3+ Kh5 64. Rf5+ Kg6 65. Kg4 Rc4+ 66. Rf4 Rc2 67. Rd4 Kf6 68. Rd6+ Ke5 69. Ra6 Rc4+ 70. f4+ Ke4 71. Re6+ Kd5 72. Re5+ Kd6 73. Kf5 Rc2 74. g4 Rc3 75. g5 Rc8 76. Ke4 Rf8 77. g6 Rg8 78. f5 Rf8 79. Re6+ Kd7 80. Bc5 Rd8 81. Rd6+ 1-0


[Site "https://www.chess.com"]

[Event "Titled Tuesday Blitz April 12 Early 2022"]
[White "Gatterer, Florian"]
[Black "Samant Aditya S"]
[WhiteFideId "811688"]
[BlackFideId "35080580"]
[WhiteElo "2218"]
[BlackElo "1916"]
[Result "0-1"]
[Round "05"]
[TimeControl "180+1"]
[Date "2022.04.13"]
[WhiteClock "0:00:04"]
[BlackClock "0:00:39"]

1. b3 e5 2. Bb2 Nc6 3. e3 Nf6 4. Nf3 e4 5. Nd4 Nxd4 6. Bxd4 d5 7. Bb2 Bd6 8. d3 O-O 9. Be2 c6 10. c4 Bb4+ 11. Bc3 Bxc3+ 12. Nxc3 Qa5 13. Qd2 exd3 14. Bxd3 dxc4 15. Bxc4 Rd8 16. Qb2 Ne4 17. b4 Qe5 18. Rc1 Bf5 19. O-O Nd2 20. Be2 Nxf1 21. Bxf1 Bd3 22. Na4 Qxb2 23. Nxb2 Bxf1 24. Kxf1 Rd2 25. Rb1 Rad8 26. Nc4 Rc2 27. Na3 Rxa2 28. Nc4 Rc2 29. Na3 Rc3 30. Ra1 g6 31. g3 Rdd3 32. Nb1 Rd1+ 33. Ke2 Rcc1 34. Rxa7 Rxb1 35. Rxb7 c5 36. b5 c4 37. Rb8+ Kg7 38. b6 c3 39. Rc8 Rd2+ 40. Kf3 c2 41. b7 Rxb7 42. h4 Rb1 43. h5 gxh5 44. Kf4 c1=Q 45. Rxc1 Rxc1 46. Kg5 Rxf2 47. e4 Rc5+ 48. e5 Rxe5+ 0-1


[Site "https://www.chess.com"]

[Event "Titled Tuesday Blitz April 12 Early 2022"]
[White "Gharibyan, Mamikon"]
[Black "Lorparizangeneh, Shahin"]
[WhiteFideId "13308300"]
[BlackFideId "12521604"]
[WhiteElo "2254"]
[BlackElo "2525"]
[Result "0-1"]
[Round "05"]
[TimeControl "180+1"]
[Date "2022.04.12"]
[WhiteClock "0:00:01"]
[BlackClock "0:00:19"]

1. c4 e6 2. Nc3 d5 3. d4 Bb4 4. Nf3 Nf6 5. cxd5 exd5 6. Bf4 O-O 7. e3 Bf5 8. Nh4 Be4 9. a3 Bxc3+ 10. bxc3 h6 11. Bg3 c5 12. Be2 Qa5 13. O-O Qxc3 14. Bd6 Re8 15. Bxc5 Nc6 16. Nf3 Nd7 17. Bd6 Re6 18. Bg3 Nb6 19. Qe1 Qb2 20. Nd2 Bg6 21. Nf3 Na4 22. Ne5 Nxe5 23. Bxe5 Nc3 24. Bg4 Rc6 25. Kh1 Bd3 26. Rg1 Ne4 27. Bg3 Rc2 28. Rb1 Qxa3 29. Rxb7 a5 30. Bh5 Rf8 31. f3 Nf6 32. Bg4 Nxg4 33. fxg4 Be4 34. Be5 Qa2 35. Qg3 Rxg2 36. Rxg2 Qa1+ 0-1


[Site "https://www.chess.com"]

[Event "Titled Tuesday Blitz April 12 Early 2022"]
[White "GodDMuhammad"]
[Black "Dushyant Sharma"]
[BlackFideId "25065130"]
[WhiteElo "2298"]
[BlackElo "2105"]
[Result "1-0"]
[Round "05"]
[TimeControl "180+1"]
[Date "2022.04.13"]
[WhiteClock "0:00:43"]
[BlackClock "0:00:02"]

1. f4 d5 2. Nf3 e6 3. g3 f5 4. d3 Nf6 5. c3 Be7 6. Nbd2 O-O 7. Qc2 c5 8. e4 Nc6 9. Bg2 Ng4 10. Nf1 dxe4 11. dxe4 e5 12. h3 Nh6 13. fxe5 fxe4 14. Qxe4 Bf5 15. Qc4+ Kh8 16. Bxh6 gxh6 17. Rd1 Qe8 18. Ne3 Qg6 19. Nxf5 Rxf5 20. g4 Rxf3 21. Bxf3 Nxe5 22. Qe4 Nxf3+ 23. Qxf3 Bh4+ 24. Kf1 Qc2 25. Kg1 Re8 26. Rh2 Qa4 27. b3 Qa6 28. Rhd2 h5 29. c4 hxg4 30. hxg4 Qg6 31. Rd6 Qg7 32. Rd7 Qg6 33. Qf5 Qg8 34. Kg2 Rf8 35. Qe5+ Bf6 36. Qe4 Re8 37. Rxh7+ Qxh7 38. Qxe8+ Kg7 39. Rd7+ 1-0


[Site "https://www.chess.com"]

[Event "Titled Tuesday Blitz April 12 Early 2022"]
[White "Goryachkina, Aleksandra"]
[Black "Suarez Uriel, Adrian"]
[WhiteFideId "4147103"]
[BlackFideId "22230874"]
[WhiteElo "2426"]
[BlackElo "2316"]
[Result "1-0"]
[Round "05"]
[TimeControl "180+1"]
[Date "2022.04.13"]
[WhiteClock "0:00:37"]
[BlackClock "0:01:29"]

1. e4 c5 2. Nf3 Nc6 3. Bb5 g6 4. O-O Bg7 5. Re1 e5 6. b4 Nxb4 7. Bb2 a6 8. a3 axb5 9. axb4 Rxa1 10. Bxa1 Qe7 11. bxc5 Qxc5 12. d4 exd4 13. Nxd4 Qb6 14. e5 Ne7 15. Nc3 O-O 16. Ndxb5 Nf5 17. Qd3 Re8 18. Nd5 Qa5 19. Bc3 Qa2 20. Nbc7 Rd8 21. Ra1 Qxa1+ 22. Bxa1 d6 23. Nf6+ Kh8 24. g4 Nh4 25. exd6 Bxg4 26. Nxg4 Bxa1 27. c3 Nf5 28. Nb5 h5 29. Ne3 Nxe3 30. Qxe3 Kg8 31. Qe7 1-0


[Site "https://www.chess.com"]

[Event "Titled Tuesday Blitz April 12 Early 2022"]
[White "Gracia Alvarez, Gerardo Antonio"]
[Black "Maltsevskaya, Aleksandra"]
[WhiteFideId "5109124"]
[BlackFideId "24174041"]
[WhiteElo "2139"]
[BlackElo "2235"]
[Result "1/2-1/2"]
[Round "05"]
[TimeControl "180+1"]
[Date "2022.04.13"]
[WhiteClock "0:00:04"]
[BlackClock "0:00:06"]

1. e4 c6 2. c4 d5 3. cxd5 cxd5 4. exd5 g6 5. Qa4+ Nd7 6. Nc3 Bg7 7. Bc4 Nf6 8. d3 O-O 9. Nf3 a6 10. Qa3 Nb6 11. Qb3 Bg4 12. Ne5 Qd6 13. O-O Bh3 14. gxh3 Nh5 15. f4 Nd7 16. Nxd7 Qxd7 17. Qd1 Qxh3 18. d4 Rac8 19. Be2 Nf6 20. Bf3 Rfd8 21. Be3 b5 22. a3 a5 23. Qd2 b4 24. axb4 axb4 25. Ne4 Nxd5 26. Ng5 Qf5 27. Bxd5 Rxd5 28. Rac1 Rcd8 29. Qg2 Bxd4 30. Bxd4 Rxd4 31. Rfe1 Rd2 32. Re2 Qxf4 33. Rf1 Rxe2 34. Rxf4 Rxg2+ 35. Kxg2 e5 36. Rxb4 h6 37. Ne4 f5 38. Nc5 Kf7 39. Rb7+ Kf6 40. Rb6+ Kf7 41. Rb7+ Kf6 42. Rb6+ Kf7 43. Rb7+ 1/2-1/2


[Site "https://www.chess.com"]

[Event "Titled Tuesday Blitz April 12 Early 2022"]
[White "Grischuk, Alexander"]
[Black "Timofeev, Artyom"]
[WhiteFideId "4126025"]
[BlackFideId "4140419"]
[WhiteElo "2762"]
[BlackElo "2594"]
[Result "1-0"]
[Round "05"]
[TimeControl "180+1"]
[Date "2022.04.12"]
[WhiteClock "0:00:09"]
[BlackClock "0:00:14"]

1. d4 Nf6 2. c4 g6 3. Bg5 Bg7 4. Nc3 h6 5. Bh4 c5 6. d5 g5 7. Bg3 Nh5 8. e3 Nxg3 9. hxg3 d6 10. Qc2 Nd7 11. Be2 Nf6 12. Nf3 Bd7 13. Nd2 Qa5 14. Bd3 a6 15. Bf5 b5 16. O-O b4 17. Ne2 Qc7 18. a3 O-O 19. Bxd7 Nxd7 20. axb4 cxb4 21. Nd4 a5 22. Nf5 Nc5 23. Nxg7 Kxg7 24. Ne4 f5 25. Nxc5 Qxc5 26. b3 Ra7 27. Ra4 Qc7 28. Qb2+ Kf7 29. Qd4 Qc5 30. Qd3 Kg7 31. Rfa1 Rf7 32. Qd4+ Qxd4 33. exd4 f4 34. Rxa5 Rxa5 35. Rxa5 fxg3 36. fxg3 Rf8 37. Rb5 Ra8 38. Rxb4 Ra2 39. c5 Rc2 40. c6 Kf6 41. Rc4 1-0


[Site "https://www.chess.com"]

[Event "Titled Tuesday Blitz April 12 Early 2022"]
[White "Guliev, Logman"]
[Black "parintele_chess"]
[WhiteFideId "13400061"]
[WhiteElo "2128"]
[BlackElo "2246"]
[Result "1/2-1/2"]
[Round "05"]
[TimeControl "180+1"]
[Date "2022.04.13"]
[WhiteClock "0:00:09"]
[BlackClock "0:00:11"]

1. c4 c5 2. g3 g6 3. Bg2 Bg7 4. Nf3 Nf6 5. O-O O-O 6. e3 d5 7. cxd5 Nxd5 8. Nc3 Nc6 9. d4 cxd4 10. exd4 Bg4 11. Nxd5 Qxd5 12. Ne5 Qxg2+ 13. Kxg2 Bxd1 14. Nxc6 bxc6 15. Rxd1 Rab8 16. Rb1 Rfd8 17. Be3 e5 18. dxe5 Bxe5 19. b3 a5 20. Rdc1 a4 21. Rxc6 axb3 22. axb3 Rb5 23. Rc5 Rdb8 24. Rxe5 Rxe5 25. Bf4 Reb5 26. Bxb8 Rxb8 27. b4 Kf8 28. b5 Ke7 29. Kf3 Kd6 30. Ke4 f6 31. Kd4 Rb6 32. Kc4 Kc7 33. Kc5 Re6 34. b6+ Kb7 35. Rd1 Rc6+ 36. Kd5 Rxb6 37. Rd2 Kc7 38. Ra2 Rd6+ 39. Kc5 Rc6+ 40. Kd5 Rd6+ 41. Ke4 Rd7 42. Ra6 Re7+ 43. Kd5 Rd7+ 44. Kc5 f5 45. f4 Kd8 46. Ra8+ Ke7 47. Rh8 Kf6 48. Kc6 Re7 49. Kd6 Ra7 50. Rf8+ Kg7 51. Rd8 Ra2 52. Rd7+ Kh6 53. Ke5 Rxh2 54. Kf6 Rg2 55. Rd3 Kh5 56. Kg7 h6 57. Rb3 Kg4 58. Kxg6 Rxg3 59. Rxg3+ Kxg3 60. Kxf5 h5 61. Kg5 h4 62. f5 h3 63. f6 h2 64. f7 h1=Q 65. f8=Q Qh4+ 66. Kg6 Qg4+ 67. Kf7 Qf4+ 68. Kg8 Qxf8+ 69. Kxf8 1/2-1/2


[Site "https://www.chess.com"]

[Event "Titled Tuesday Blitz April 12 Early 2022"]
[White "Gunina, Valentina"]
[Black "Svane, Rasmus"]
[WhiteFideId "4167570"]
[BlackFideId "4657101"]
[WhiteElo "2381"]
[BlackElo "2645"]
[Result "1-0"]
[Round "05"]
[TimeControl "180+1"]
[Date "2022.04.12"]
[WhiteClock "0:00:45"]
[BlackClock "0:00:03"]

1. d4 Nf6 2. c4 e6 3. Nf3 d5 4. Nc3 a6 5. cxd5 exd5 6. Bg5 Be6 7. e3 Nbd7 8. Bd3 Bd6 9. O-O c6 10. Qd2 O-O 11. Rfe1 Bg4 12. e4 dxe4 13. Nxe4 Be7 14. Qf4 Bxf3 15. Qxf3 h6 16. Bxh6 gxh6 17. Qf4 Nd5 18. Qxh6 f5 19. Qg6+ Kh8 20. Ng3 Rf6 21. Qh5+ Kg8 22. Bxf5 Nf8 23. Re4 Rf7 24. Qh6 Bg5 25. Rg4 Rg7 26. Be6+ Nxe6 27. Qxe6+ Kh8 28. Nh5 Qg8 29. Qe5 Re8 30. Qxg7+ Qxg7 31. Nxg7 Kxg7 32. Rxg5+ Kf6 33. Re5 Rg8 34. g3 Rg4 35. Rd1 Nf4 36. Kf1 Ng6 37. Re3 Rg5 38. Rb3 b5 39. Rf3+ Ke6 40. h4 Rd5 41. Re1+ Kd6 42. Rf6+ 1-0


[Site "https://www.chess.com"]

[Event "Titled Tuesday Blitz April 12 Early 2022"]
[White "Hasangatin, Ramil"]
[Black "Shtyka, Sergey"]
[WhiteFideId "4122160"]
[BlackFideId "4138465"]
[WhiteElo "2375"]
[BlackElo "2014"]
[Result "1/2-1/2"]
[Round "05"]
[TimeControl "180+1"]
[Date "2022.04.13"]
[WhiteClock "0:00:11"]
[BlackClock "0:00:11"]

1. d4 c5 2. d5 e5 3. Nc3 d6 4. e4 Be7 5. Be2 a6 6. Bg4 b5 7. Bxc8 Qxc8 8. a4 b4 9. Nce2 Nf6 10. Ng3 O-O 11. Nf3 g6 12. Qe2 Nbd7 13. a5 c4 14. O-O c3 15. b3 Nc5 16. Ne1 Qb7 17. f3 Qb5 18. Be3 Qxe2 19. Nxe2 Rfc8 20. Nc1 Nfd7 21. Ned3 Rab8 22. Rd1 f5 23. Nxc5 Nxc5 24. Bxc5 Rxc5 25. Nd3 Rcb5 26. Ra4 Bd8 27. Rda1 Kf7 28. Kf2 h5 29. Ke2 Kf6 30. g3 Bc7 31. h3 Bd8 32. Rg1 Rxa5 33. Rxb4 Rxb4 34. Nxb4 Bb6 35. Rc1 Bc5 36. Nc6 Ra2 37. Kd3 Ba3 38. Rg1 Bb2 39. b4 g5 40. g4 fxg4 41. fxg4 hxg4 42. hxg4 Ra4 43. Rf1+ Kg7 44. Rf5 Bc1 45. Rf1 Bd2 46. Rb1 Ra2 47. Rh1 Ra4 48. Kc4 Ra2 49. Kd3 Ra4 50. Rd1 Ra2 51. Ne7 a5 52. Nf5+ Kg6 53. bxa5 Rxa5 54. Nxd6 Ra4 55. Nf5 Rb4 56. Ra1 Rb6 57. Rh1 Rb8 58. Rh6+ Kf7 59. Nd6+ Kg7 60. Nf5+ Kf7 61. Rh7+ Kf6 62. Rh6+ Kf7 1/2-1/2


[Site "https://www.chess.com"]

[Event "Titled Tuesday Blitz April 12 Early 2022"]
[White "Hernandez Jimenez, Alexander Andres"]
[Black "Ibadov, Dashgyn"]
[WhiteFideId "3900452"]
[BlackFideId "24107514"]
[WhiteElo "2098"]
[BlackElo "2138"]
[Result "0-1"]
[Round "05"]
[TimeControl "180+1"]
[Date "2022.04.13"]
[WhiteClock "0:00:02"]
[BlackClock "0:00:05"]

1. e4 e5 2. Nf3 Nc6 3. Bc4 Bc5 4. d3 Nf6 5. O-O d6 6. c3 a6 7. a4 Ba7 8. Nbd2 O-O 9. Re1 Kh8 10. Nf1 Ng4 11. Ne3 Nxe3 12. Bxe3 Bxe3 13. fxe3 f5 14. exf5 Bxf5 15. e4 Bg4 16. Rf1 Qd7 17. h3 Bh5 18. g4 Bf7 19. Bxf7 Rxf7 20. Ng5 Rxf1+ 21. Qxf1 h6 22. Nf3 Rf8 23. Qg2 Ne7 24. Nh4 Qe6 25. Rf1 Rxf1+ 26. Qxf1 Kg8 27. c4 c6 28. Kg2 d5 29. Qe2 dxc4 30. dxc4 Qd7 31. Kf3 Qd4 32. b3 g6 33. Qe3 Qb2 34. Qxh6 Qxb3+ 35. Kg2 Qxc4 36. Kf3 Qd3+ 37. Qe3 Qd1+ 38. Kg3 Qxa4 39. Nf3 Qb5 40. Qg5 Qc5 41. Nxe5 Kg7 42. h4 Qg1+ 43. Kh3 Qh1+ 44. Kg3 Qe1+ 45. Kf3 Qc3+ 46. Kf2 Qd4+ 47. Kf3 Qd6 48. h5 Qf6+ 49. Qxf6+ Kxf6 50. Nd7+ Kg5 51. hxg6 Nxg6 52. Nc5 Ne5+ 53. Ke2 Kxg4 54. Nxb7 Kf4 0-1


[Site "https://www.chess.com"]

[Event "Titled Tuesday Blitz April 12 Early 2022"]
[White "Hnydiuk, Aleksander"]
[Black "Zaksaite, Salomeja"]
[WhiteFideId "1109057"]
[BlackFideId "12801496"]
[WhiteElo "2374"]
[BlackElo "1953"]
[Result "1-0"]
[Round "05"]
[TimeControl "180+1"]
[Date "2022.04.13"]
[WhiteClock "0:00:17"]
[BlackClock "0:00:03"]

1. Nf3 Nf6 2. c4 g6 3. g3 Bg7 4. Bg2 d5 5. cxd5 Nxd5 6. d4 Nb6 7. Nc3 Nc6 8. e3 O-O 9. O-O a5 10. d5 Ne5 11. Nd4 Bd7 12. h3 Qc8 13. Kh2 c6 14. e4 cxd5 15. exd5 Nec4 16. Rb1 Qc5 17. Nb3 Qb4 18. a3 Nxa3 19. Na2 Nxb1 20. Nxb4 axb4 21. Be4 Bf5 22. Bxf5 gxf5 23. Bg5 Ra2 24. Qxb1 Rxb2 25. Qd3 Rc8 26. Bxe7 Nd7 27. Qxf5 Nb6 28. d6 Rxb3 29. Qxc8+ Nxc8 30. d7 Nxe7 31. d8=Q+ Bf8 32. Re1 Ng6 33. h4 h5 34. Qd5 Rb2 35. Kg1 b3 36. Re3 Rb1+ 37. Kg2 b2 38. Rb3 Bg7 39. Rxb7 1-0


[Site "https://www.chess.com"]

[Event "Titled Tuesday Blitz April 12 Early 2022"]
[White "Hoang, Thi Bao Tram"]
[Black "Pakleza, Zbigniew"]
[WhiteFideId "12401102"]
[BlackFideId "1119290"]
[WhiteElo "2125"]
[BlackElo "2467"]
[Result "0-1"]
[Round "05"]
[TimeControl "180+1"]
[Date "2022.04.13"]
[WhiteClock "0:00:10"]
[BlackClock "0:00:06"]

1. Nf3 d5 2. g3 Nf6 3. Bg2 Bf5 4. c4 c6 5. O-O e6 6. cxd5 cxd5 7. Qb3 Qb6 8. Qxb6 axb6 9. d3 Nc6 10. Nc3 Bc5 11. Bd2 Ke7 12. h3 h6 13. Rac1 d4 14. Nb5 Rxa2 15. Rc2 Nd5 16. Rfc1 Ndb4 17. Bxb4 Nxb4 18. Rc4 Rxb2 19. Nfxd4 Bg6 20. Nc3 Rd8 21. Nf3 f6 22. Bf1 e5 23. Na4 Ra2 24. Nxc5 bxc5 25. Rxc5 Nc6 26. Nh4 Be8 27. Nf5+ Kf7 28. Rb1 Ra7 29. Bg2 h5 30. Ne3 Ke7 31. Nc2 Kd6 32. Rcb5 Kc7 33. Rb6 Rda8 34. Ne3 Bd7 35. Nd5+ Kd6 36. Kh2 Ra2 37. Nc3 Rc2 38. Ne4+ Ke7 39. Rxb7 Raa2 40. Bf3 h4 41. Bg4 f5 42. Bxf5 Rxe2 43. Rxd7+ Kf8 44. Rc7 Rac2 45. Rb6 hxg3+ 46. Kxg3 Nd8 47. Rxc2 Rxc2 48. Ng5 Ke7 49. Ra6 Rc3 50. Ra7+ Kf8 51. h4 Rb3 52. Be4 Rc3 53. Kg4 Rc1 54. Kf5 Rg1 55. Kxe5 Rf1 56. f4 Re1 57. f5 Nc6+ 58. Kf4 Nxa7 59. Ne6+ Kg8 60. h5 Rf1+ 61. Kg5 Rg1+ 62. Kf4 Nc8 63. Bd5 Kh7 64. Ng5+ Kh6 65. Nf3 Rd1 66. Be6 Nd6 67. Ne5 Kxh5 68. Bd7 Kh4 69. Ng6+ Kh3 70. Ne5 Kg2 71. Kg5 Kg3 72. Kg6 Kf4 73. Nf7 Nxf7 74. Kxf7 Rxd3 75. Be6 Rg3 76. f6 gxf6 77. Kxf6 Ra3 78. Bf7 Ra6+ 79. Kg7 Ra7 80. Kg8 Kg5 81. Bc4 Rc7 82. Bb3 Kh6 83. Kh8 Rb7 84. Bg8 Kg5 85. Bh7 Rb2 86. Bg8 Rh2+ 87. Bh7 Kh6 88. Kg8 Kg5 89. Kg7 Rb2 90. Bg8 Kh5 91. Bf7+ Kh4 92. Bg8 Kg5 93. Bf7 Rb8 94. Bg8 Rb7+ 95. Bf7 Rc7 96. Kg8 Kf6 97. Be8 Rc8 98. Kf8 Rb8 0-1


[Site "https://www.chess.com"]

[Event "Titled Tuesday Blitz April 12 Early 2022"]
[White "Hoffmann, Asa"]
[Black "Mickiewicz, Piotr"]
[WhiteFideId "2001470"]
[BlackFideId "1114891"]
[WhiteElo "2117"]
[BlackElo "2266"]
[Result "1-0"]
[Round "05"]
[TimeControl "180+1"]
[Date "2022.04.13"]
[WhiteClock "0:01:21"]
[BlackClock "0:00:38"]

1. d4 e6 2. e4 d5 3. e5 c5 4. Nf3 Nc6 5. Bd3 cxd4 6. O-O Nge7 7. Bf4 Ng6 8. Bg3 Be7 9. Nbd2 Qb6 10. b3 f5 11. exf6 Bxf6 12. h4 O-O 13. Qe2 Nge7 14. Rfe1 Bd7 15. a3 Rae8 16. b4 a6 17. Nb3 Nf5 18. Nc5 Nxg3 19. fxg3 Bc8 20. g4 e5 21. g5 Be7 22. Nxe5 Bd6 23. Bxh7+ Kxh7 24. Qh5+ Kg8 25. g6 Rf5 26. Qh7+ Kf8 27. Qh8+ Ke7 28. Nxc6+ Kf6 29. Qxe8 Qxc6 30. Qf7# 1-0


[Site "https://www.chess.com"]

[Event "Titled Tuesday Blitz April 12 Early 2022"]
[White "Ianov, Viktor"]
[Black "Indjic, Aleksandar"]
[WhiteFideId "14102730"]
[BlackFideId "911925"]
[WhiteElo "2161"]
[BlackElo "2616"]
[Result "0-1"]
[Round "05"]
[TimeControl "180+1"]
[Date "2022.04.13"]
[WhiteClock "0:00:53"]
[BlackClock "0:00:13"]

1. Nf3 d5 2. g3 Nd7 3. c4 dxc4 4. Qa4 a6 5. Qxc4 b5 6. Qb3 Bb7 7. Bg2 e6 8. O-O c5 9. d3 Ngf6 10. a4 Bd5 11. Qc2 Be7 12. Nc3 Bc6 13. b3 O-O 14. Bb2 Qb6 15. axb5 axb5 16. Nd2 Bxg2 17. Kxg2 Qc6+ 18. e4 Qb7 19. Ne2 Ng4 20. Nf3 f5 21. h3 fxe4 22. dxe4 Rxf3 23. Kxf3 Nh2+ 24. Kg2 Nxf1 25. Rxf1 Bf6 26. Bxf6 Nxf6 27. f3 Rc8 28. Nf4 Qc6 29. Rd1 c4 30. bxc4 bxc4 31. Qc3 Ra8 32. Rd2 h6 33. h4 Kf7 34. h5 Qb5 35. g4 Rc8 36. Rd6 Rc6 37. Rxc6 Qxc6 38. Ng6 Nd7 39. Kg3 Qc7+ 40. e5 Qc5 41. f4 Nb6 42. f5 Nd5 43. Qa1 Qe3+ 44. Kh4 exf5 45. e6+ Kxe6 46. gxf5+ Kxf5 47. Qxg7 Qg5+ 48. Kh3 Qg4+ 49. Kh2 Qxh5+ 0-1


[Site "https://www.chess.com"]